 Dungeon Crawl Stone Soup version 0.20.1-1-g8b1a95d (webtiles) character file.

22215 letownia2 the Reanimator (level 12, -3/99 HPs)
             Began as a Deep Dwarf Necromancer on Oct 28, 2017.
             Was an Initiate of Gozag.
             Slain by a fire elemental (6 damage)
             ... led by Azrael
             ... on level 14 of the Dungeon.
             The game lasted 00:39:25 (12990 turns).

letownia2 the Reanimator (Deep Dwarf Necromancer)  Turns: 12990, Time: 00:39:26

Health: -3/99      AC: 24    Str: 16    XL:     12   Next: 61%
Magic:  34/34      EV:  8    Int: 17    God:    Gozag
Gold:   1608       SH:  0    Dex: 13    Spells: 22/29 levels left

rFire    . . .     SeeInvis +   a - +4 war axe (chop)
rCold    + . .     Gourm    .   (no shield)
rNeg     . . .     Faith    .   f - +2 chain mail {rC+}
rPois    +         Spirit   .   o - +1 helmet {SInv}
rElec    .         Reflect  .   G - +2 cloak
rCorr    .         Harm     .   g - +2 pair of gloves
MR       +....                  V - +0 pair of boots (curse)
Stlth    ..........             (no amulet)
Regen    0.0/turn               Q - ring of magical power
MPRegen  0.3/turn               i - ring of poison resistance

@: non-regenerating
A: damage resistance, heal wounds, sense surroundings 2, no regeneration
a: Heal Wounds, Potion Petition, Call Merchant, Bribe Branch, Renounce Religion


You were on level 14 of the Dungeon.
You worshipped Gozag.
Gozag was most pleased with you.
You were not hungry.

You visited 2 branches of the dungeon, and saw 15 of its levels.

You collected 3152 gold pieces.
You spent 42 gold pieces at shops.
You paid 1502 gold pieces to Gozag.

Inventory:

Hand Weapons
 a - a +4 war axe of chopping (weapon)
 c - a +0 blowgun
 Z - a +0 battleaxe
Missiles
 L - 7 javelins of penetration (quivered)
 W - 8 curare-tipped needles
 Y - a throwing net
Armour
 f - a +2 chain mail of cold resistance (worn)
 g - a +2 pair of gloves (worn)
 o - a +1 helmet of see invisible (worn)
 G - a +2 cloak (worn)
 V - a cursed +0 pair of boots (worn)
Jewellery
 e - an uncursed ring of see invisible
 i - a ring of poison resistance (right hand)
 I - an uncursed ring of protection from magic
 M - an uncursed ring of positive energy
 Q - a ring of magical power (left hand)
Wands
 b - a wand of acid (7/15)
 w - a wand of scattershot (0/9)
 y - a wand of confusion (17/48)
 J - a wand of digging (11/24)
 K - a wand of flame (25/48)
 U - a wand of acid (4/15)
Scrolls
 l - 4 scrolls of teleportation
 m - a scroll of enchant armour
 q - 7 scrolls of identify
 s - 2 scrolls of enchant weapon
 v - 2 scrolls of blinking
 x - 3 scrolls of amnesia
 B - 3 scrolls of immolation
 E - 2 scrolls of recharging
 F - 2 scrolls of fog
 H - 2 scrolls of fear {unknown}
 R - a scroll of random uselessness {unknown}
 S - 2 scrolls of remove curse
 X - 2 scrolls of magic mapping {unknown}
Potions
 h - a potion of brilliance {unknown}
 j - a potion of degeneration {unknown}
 k - 2 potions of flight {unknown}
 n - 2 potions of haste {unknown}
 t - a potion of berserk rage
 u - 3 potions of lignification {unknown}
 z - 2 potions of agility {unknown}
 A - 2 potions of heal wounds {unknown}
 D - 6 potions of curing {unknown}
 N - a potion of cancellation {unknown}
 O - 2 potions of mutation {unknown}
 T - a potion of ambrosia {unknown}
Comestibles
 d - 9 meat rations
 p - 2 bread rations
 r - a royal jelly
 C - 12 fruits


   Skills:
 - Level 4.0 Fighting
 + Level 11.2 Axes
 - Level 9.3 Armour
 - Level 2.1 Dodging
 - Level 2.4 Stealth
 - Level 9.0 Spellcasting
 + Level 13.2 Necromancy
 - Level 4.0 Evocations


You had 22 spell levels left.
You knew the following spells:

 Your Spells              Type           Power        Failure   Level  Hunger
a - Pain                  Necr           ####         1%          1    None
v - Vampiric Draining     Necr           ######....   1%          3    None
x - Dazzling Spray        Conj/Hex       #.....       97%         3    None


Dungeon Overview and Level Annotations

Branches:
Dungeon (15/15)            Temple (1/1) D:4            Lair (0/6) D:11
    Orc (0/2) D:12         Depths (0/5) D:15
 Vaults: D:13-14

Altars:
Ashenzari
Cheibriados
Elyvilon
Fedhas
Gozag
Hepliaklqana
Kikubaaqudgha
Makhleb
Okawaru
Qazlal
Ru
Sif Muna
Trog
Uskayaw
Vehumet
Xom
Yredelemnul
Zin
The Shining One

Shops:
D:7 [=   D:8 }   D:9 *(   D:10 :

Annotations:
D:2 DIG
D:4 letownia2's ghost, weakling DDNe
D:5 1 exclusion
D:6 Linguinho's ghost, novice MiFi
D:10 Gastronok; Romulous's ghost, novice MiFi
D:11 2 exclusions


Innate Abilities, Weirdness & Mutations

You are resistant to damage.
You can heal yourself by infusing magical energy.
You passively map the area around you.
You do not regenerate.


Message History

Unknown command.
You barely miss the fire elemental.
The fire elemental is severely damaged.
The fire elemental hits you. The fire elemental burns you!
* * * LOW HITPOINT WARNING * * *
Unknown command.
You barely miss the fire elemental.
The fire elemental is severely damaged.
The fire elemental hits you. The fire elemental burns you!
* * * LOW HITPOINT WARNING * * *
Unknown command.
You closely miss the fire elemental.
The fire elemental is severely damaged.
The fire elemental hits you. The fire elemental burns you!
Unknown command.
You barely miss the fire elemental.
The fire elemental is severely damaged.
The fire elemental hits you. The fire elemental burns you!
You die...
Your body crumbles into a pile of gold.

* *,### .... *
* * #.#.######
* * #.#
.....####* ,
#.###........
, * *
###.#...§§§# *
*
#...#$#.#..§.#
* ** *
#...@E..# ##§#
* #...##### *
#...# , , ,
#...# * * *
###.# ** * #.#
* ,,, #.. * ,
, , ##. * ,**
* * * * *


You could see a fire elemental.

Vanquished Creatures
  Snorg (D:10)
  A centaur warrior (D:15)
  5 two-headed ogres
  3 death yaks (D:11)
  A tengu warrior (D:11)
  Urug (D:10)
  Sonja (D:12)
  Pikel (D:5)
  A cyclops (D:15)
  A centaur skeleton (D:11)
  A kobold demonologist (D:8)
  An efreet (D:15)
  4 trolls
  2 slime creatures
  A hippogriff (D:9)
  A spriggan (shapeshifter) (D:14)
  A human (D:10)
  2 hogs (D:10)
  23 yaks
  7 vampire mosquitoes (D:15)
  3 wargs (D:12)
  Duvessa (D:5)
  3 hell hounds (D:14)
  3 orc warriors
  6 ice beasts
  5 ogres
  2 black bears
  A crocodile (D:7)
  6 centaurs
  Blork the orc (D:6)
  3 big kobolds
  8 bullfrogs
  2 gnoll sergeants
  2 wyvern skeletons
  4 scorpions
  5 killer bees (D:11)
  6 crimson imps
  A howler monkey (D:7)
  2 centaur zombies
  7 hounds
  3 bullfrog skeletons
  A bullfrog zombie (D:5)
  3 jellies
  4 orc priests
  5 orc wizards
  5 iguanas
  10 worker ants
  A hound zombie (D:5)
  A howler monkey zombie (D:6)
  2 worker ant zombies
  10 gnolls
  11 adders
  6 shadow imps
  An ooze (D:5)
  An adder skeleton (D:9)
  2 worms (D:3)
  3 dart slugs (D:1)
  6 leopard geckos
  32 orcs
  3 ball pythons
  4 giant cockroaches
  6 goblins
  2 hobgoblins (D:3)
  12 jackals
  15 kobolds
  7 quokkas
  6 bats
  6 frilled lizards
  A jackal zombie (D:6)
  A leopard gecko skeleton (D:7)
  A leopard gecko zombie (D:6)
  6 rats
  A rat zombie (D:7)
308 creatures vanquished.

Vanquished Creatures (others)
  4 slaves (D:5)
  The ghost of letownia2 the Grave Robber, an amateur DDNe (D:5)
  Dowan (D:5)
  A centaur skeleton (D:5)
7 creatures vanquished.

Grand Total: 315 creatures vanquished

Notes
Turn   | Place    | Note
-------+----------+-------------------------------------------
     0 | D:1      | letownia2 the Deep Dwarf Necromancer began the quest for the Orb.
     0 | D:1      | Reached XP level 1. HP: 15/15 MP: 3/3
   477 | D:1      | Reached XP level 2. HP: 22/22 MP: 5/5
   586 | D:2      | Found a shimmering altar of Xom.
   587 | D:2      | Found a shimmering altar of Xom.
   587 | D:2      | Found a shimmering altar of Xom.
   587 | D:2      | Found a shimmering altar of Xom.
   587 | D:2      | Found a shimmering altar of Xom.
   588 | D:2      | Found a shimmering altar of Xom.
   588 | D:2      | Found a shimmering altar of Xom.
   645 | D:3      | Reached skill level 5 in Necromancy
   645 | D:3      | Reached XP level 3. HP: 22/28 MP: 6/6
   653 | D:3      | Learned a level 3 spell: Vampiric Draining
   953 | D:4      | Found a staircase to the Ecumenical Temple.
   960 | Temple   | Entered the Ecumenical Temple
   970 | Temple   | Became a worshipper of Gozag Ym Sagoz the Greedy
  1033 | D:4      | Reached XP level 4. HP: 35/36 MP: 8/8
  1207 | D:3      | Found a bloodstained altar of Trog.
  1792 | D:3      | Found a hide-covered altar of Uskayaw.
  1926 | D:3      | Reached XP level 5. HP: 30/42 MP: 9/9
  1929 | D:3      | Noticed a phantom
  2078 | D:4      | Noticed an ogre
  2085 | D:4      | Killed an ogre
  2085 | D:4      | Reached skill level 6 in Necromancy
  2347 | D:4      | Noticed letownia2's ghost (weakling DDNe)
  2375 | D:4      | Noticed an ogre
  2382 | D:4      | Killed an ogre
  2382 | D:4      | Reached skill level 7 in Necromancy
  2382 | D:4      | Reached XP level 6. HP: 42/49 MP: 10/10
  2402 | D:4      | Found a glowing silver altar of Zin.
  2866 | D:2      | Found a shimmering altar of Xom.
  3880 | D:5      | Entered Level 5 of the Dungeon
  3889 | D:5      | Noticed a slave
  3890 | D:5      | Noticed Pikel
  3890 | D:5      | Noticed a slave
  3891 | D:5      | Noticed a slave
  3947 | D:5      | Noticed letownia2's ghost (amateur DDNe)
  4039 | D:5      | Reached skill level 1 in Fighting
  4039 | D:5      | Reached skill level 1 in Armour
  4106 | D:5      | Found a snail-covered altar of Cheibriados.
  4111 | D:5      | Noticed Duvessa
  4142 | D:5      | Noticed Dowan
  4177 | D:5      | Found a blossoming altar of Fedhas.
  4429 | D:6      | Reached XP level 7. HP: 40/57 MP: 5/13
  4502 | D:5      | Killed Pikel
  4502 | D:5      | Reached XP level 8. HP: 51/64 MP: 0/17
  4512 | D:5      | Found a burning altar of Makhleb.
  4659 | D:5      | Killed Dowan
  5040 | D:6      | Noticed Linguinho's ghost (novice MiFi)
  5123 | D:5      | Killed letownia2's ghost
  5447 | D:5      | Killed Duvessa
  5447 | D:5      | Reached skill level 8 in Necromancy
  6100 | D:6      | Noticed Blork the orc
  6120 | D:6      | Killed Blork the orc
  6123 | D:6      | Got a brightly glowing mace {crush}
  6124 | D:6      | Identified the +3 mace "Piqe" {crush, Dex+4} (You took it off Blork the orc on level 6 of the Dungeon)
  6251 | D:7      | Reached skill level 1 in Axes
  6267 | D:7      | Gained mutation: You passively map the area around you. [Deep Dwarf growth]
  6267 | D:7      | Reached XP level 9. HP: 44/70 MP: 16/20
  6330 | D:7      | Got a translucent leather armour
  6357 | D:7      | Identified the cursed +0 leather armour of Contentment {rPois} (You found it on level 7 of the Dungeon)
  6468 | D:7      | Found Houcuafa's Antique Armour Boutique.
  6543 | D:7      | Found Xirouwn's Antique Weapon Shoppe.
  6605 | D:7      | Found a shattered altar of Ashenzari.
  6605 | D:7      | Found a white marble altar of Elyvilon.
  6628 | D:7      | Noticed a brown ugly thing
  6675 | D:8      | Reached skill level 9 in Necromancy
  6943 | D:7      | Found an ancient bone altar of Kikubaaqudgha.
  7107 | D:7      | Found Seusyk's Jewellery Emporium.
  7765 | D:8      | Found a burning altar of Makhleb.
  7798 | D:8      | Noticed a two-headed ogre
  7810 | D:8      | Killed a two-headed ogre
  7910 | D:8      | Found Buvolul's Gadget Shop.
  7940 | D:8      | Got a tiger eye-encrusted leather armour
  7979 | D:8      | Reached XP level 10. HP: 48/85 MP: 15/22
  8077 | D:8      | Noticed a two-headed ogre
  8109 | D:8      | Killed a two-headed ogre
  8161 | D:8      | Found a basalt altar of Yredelemnul.
  8445 | D:8      | Learned a level 3 spell: Dazzling Spray
  8615 | D:9      | Noticed a two-headed ogre
  8632 | D:9      | Killed a two-headed ogre
  8632 | D:9      | Reached skill level 10 in Necromancy
  9101 | D:9      | Reached skill level 5 in Axes
  9129 | D:9      | Found a glowing golden altar of the Shining One.
  9274 | D:9      | Bought a scroll labeled RUUW DOTOLELL for 21 gold pieces
  9274 | D:9      | Bought a scroll labeled NETUTI EF MAS for 21 gold pieces
  9443 | D:10     | Entered Level 10 of the Dungeon
  9450 | D:10     | Noticed Romulous's ghost (novice MiFi)
  9471 | D:10     | Noticed Urug
  9481 | D:10     | Killed Urug
  9703 | D:10     | Found Gualemex's Book Emporium.
  9799 | D:10     | Noticed Snorg
  9850 | D:10     | Killed Snorg
  9850 | D:10     | Reached skill level 5 in Armour
  9850 | D:10     | Reached XP level 11. HP: 58/92 MP: 8/24
  9864 | D:10     | Noticed Gastronok
 10191 | D:10     | Noticed a two-headed ogre
 10214 | D:10     | Killed a two-headed ogre
 10454 | D:10     | Reached skill level 11 in Necromancy
 10920 | D:11     | Noticed a death yak
 10923 | D:11     | Noticed a death yak
 10924 | D:11     | Noticed a death yak
 10952 | D:11     | Killed a death yak
 10966 | D:11     | Killed a death yak
 11036 | D:11     | Noticed a tengu warrior
 11062 | D:11     | Killed a tengu warrior
 11111 | D:11     | Found a staircase to the Lair.
 11184 | D:11     | Killed a death yak
 11244 | D:11     | Reached skill level 12 in Necromancy
 11374 | D:11     | Reached XP level 12. HP: 79/99 MP: 10/25
 11634 | D:11     | Noticed a seven-headed hydra
 11814 | D:12     | Found a staircase to the Orcish Mines.
 11862 | D:12     | Noticed Sonja
 11876 | D:12     | Killed Sonja
 11876 | D:12     | Reached skill level 10 in Axes
 11944 | D:12     | Identified the +2 leather armour "Wilut" {Int+2} (You found it on level 8 of the Dungeon)
 12553 | D:12     | You fall through a shaft for 3 floors!
 12553 | D:15     | Entered Level 15 of the Dungeon
 12553 | D:15     | Noticed a centaur warrior
 12569 | D:15     | Killed a centaur warrior
 12621 | D:15     | Noticed a two-headed ogre
 12675 | D:15     | Killed a two-headed ogre
 12737 | D:15     | Reached skill level 13 in Necromancy
 12988 | D:14     | HP: 3/99 [fire elemental[Azrael] (9)]
 12990 | D:14     | Slain by a fire elemental

Skill      XL: |  1  2  3  4  5  6  7  8  9 10 11 12 |
---------------+-------------------------------------+-----
Spellcasting   | 2 3 4 6 7 8 9 |  9.0
Necromancy     | 5 7 8 9 10 12 13 | 13.2
Fighting       | 1 4 |  4.0
Armour         | 1 5 8 9 |  9.3
Axes           | 1 4 7 9 11 | 11.2
Evocations     | 4 |  4.0
Dodging        | |  2.1
Stealth        | |  2.4

Action                   |  1- 3 |  4- 6 |  7- 9 | 10-12 || total
-------------------------+-------+-------+-------+-------++-------
Melee: Unarmed           |     1 |       |       |       ||     1
       Short sword       |       |    26 |       |       ||    26
       Hand axe          |       |       |    73 |       ||    73
       Trident           |       |       |    77 |       ||    77
       Mace              |       |       |    64 |    74 ||   138
       War axe           |       |       |       |   393 ||   393
Throw: Tomahawk          |       |     4 |       |       ||     4
       Javelin           |       |       |       |    10 ||    10
 Cast: Pain              |    32 |   115 |    54 |    13 ||   214
       Vampiric Draining |     3 |    10 |    80 |   230 ||   323
Invok: Call Merchant     |       |       |       |     2 ||     2
Evoke: Wand              |       |       |     6 |    12 ||    18
  Use: Scroll            |       |     5 |     1 |    10 ||    16
 Stab: Distracted        |       |       |     3 |     5 ||     8
       Sleeping          |       |       |     1 |       ||     1
  Eat: Chunk             |     1 |     1 |     1 |       ||     3
       Royal jelly       |       |     2 |     4 |     4 ||    10
       Bread ration      |       |     2 |       |     2 ||     4
       Fruit             |       |       |     1 |     4 ||     5
Armor: Leather armour    |     7 |     3 |    24 |       ||    34
       Scale mail        |       |    22 |   134 |    92 ||   248
       Chain mail        |       |       |       |   439 ||   439
Dodge: Dodged            |    15 |    36 |   152 |   319 ||   522
